 Dungeon Crawl Stone Soup version 0.17.1-1-g73c8601 (console) character file.

155995 Kloppie the Tortoise (level 17, 0/168 HPs)
             Began as a Minotaur Fighter on Dec 16, 2015.
             Was the Champion of Okawaru.
             Slain by a trapdoor spider (6 damage)
             ... on level 4 of the Spider Nest.
             The game lasted 01:14:48 (30265 turns).

Kloppie the Tortoise (Minotaur Fighter)            Turns: 30265, Time: 01:14:48

Health: 0/168      AC: 29    Str: 32 (33) XL:     17   Next: 9%
Magic:  0/22       EV:  9    Int:  7      God:    Okawaru [******]
Gold:   2783       SH: 15    Dex: 10      Spells: 0 memorised, 16 levels left

rFire  . . .     SeeInvis .     a - +9 demon blade {venom, +Blink Str+4 Dex-2 Stlth+}
rCold  . . .     Clarity  .     o - +3 chain mail {rN+}
rNeg   + + .     SustAt   .     c - +0 shield
rPois  +         Gourm    .     Q - +2 hat {MR+}
rElec  .         Spirit   .     n - +1 cloak of Disappointment {rN+ MR+ Int+2}
rCorr  .         Warding  .     H - +2 pair of gloves {Str+3}
rMut   .         Stasis   .     s - +1 pair of boots {Fly}
MR     +++..                    W - amulet of regeneration
Stlth  ..........               t - ring of poison resistance
                                S - +5 ring of slaying

@: lethally poisoned (0 -> -1), very slightly contaminated, extremely resistant
to hostile enchantments, extremely unstealthy
A: retaliatory headbutt, horns 2
a: Heroism, Finesse, Renounce Religion, Evoke Blink, Evoke Flight


You were on level 4 of the Spider Nest.
You worshipped Okawaru.
Okawaru was exalted by your worship.
You were not hungry.

You visited 5 branches of the dungeon, and saw 32 of its levels.
You also visited: Labyrinth and Sewer.

You collected 3901 gold pieces.
You spent 1118 gold pieces at shops.

Inventory:

Hand Weapons
 a - the +9 demon blade "Backscratcher" (weapon) {venom, +Blink Str+4 Dex-2 Stlth+}
   (You acquired it on level 9 of the Dungeon)

   It poisons the flesh of those it strikes.
   It affects your strength (+4).
   It affects your dexterity (-2).
   It lets you blink.
   It makes you more stealthy.
 b - a +0 scimitar of flaming
 l - a +1 demon blade of freezing
 p - the +0 falchion of Nightmares {freeze, rElec Int+2 Stlth-}
   (Okawaru gifted it to you on level 2 of the Spider Nest)

   It has been specially enchanted to freeze those struck by it, causing extra
   injury to most foes and up to half again as much damage against particularly
   susceptible opponents.
   It can also slow down cold-blooded creatures.
   It affects your intelligence (+2).
   It insulates you from electricity.
   It makes you less stealthy.
Armour
 c - a +0 shield (worn)
 n - the +1 cloak of Disappointment (worn) {rN+ MR+ Int+2}
   (You bought it in a shop on level 4 of the Orcish Mines)

   It affects your intelligence (+2).
   It protects you from negative energy.
   It affects your resistance to hostile enchantments.
 o - a +3 chain mail of positive energy (worn)
 s - a +1 pair of boots of flying (worn)
 F - the +2 cloak of the Townfolk {rElec Str+6 Int-3}
   (Okawaru gifted it to you on level 7 of the Lair of Beasts)

   It affects your strength (+6).
   It affects your intelligence (-3).
   It insulates you from electricity.
 H - a +2 pair of gloves of strength (worn)
 Q - a +2 hat of magic resistance (worn)
Jewellery
 d - an uncursed ring of positive energy
 g - an uncursed ring of teleportation
 h - an uncursed ring of flight
 t - a ring of poison resistance (right hand)
 J - a +5 ring of protection
 L - an uncursed amulet of resist mutation
 S - a +5 ring of slaying (left hand)
 T - an uncursed ring of protection from fire
 W - an amulet of regeneration (around neck)
Wands
 y - a wand of digging (4)
 K - a wand of disintegration (20)
 M - a wand of invisibility (6)
 O - a wand of heal wounds (7)
Scrolls
 i - 2 scrolls of recharging
 k - 3 scrolls of fog
 v - 8 scrolls of remove curse
 A - 2 scrolls of magic mapping
 E - a scroll of enchant weapon
 N - 13 scrolls of identify
 P - 3 scrolls of teleportation
 R - a scroll of holy word
Potions
 f - 2 potions of resistance
 j - 2 potions of heal wounds
 m - a potion of ambrosia
 u - 5 potions of haste
 w - 2 potions of flight
 x - 2 potions of agility
 C - 3 potions of curing
 D - 2 potions of cancellation
 G - 2 potions of might
 V - a potion of poison {unknown}
Comestibles
 e - 19 bread rations
 q - 18 meat rations
 z - 3 fruits
 I - a royal jelly


   Skills:
 + Level 19.1 Fighting
 - Level 14.0 Long Blades
 - Level 20.0 Armour
 - Level 16.0 Shields
 - Level 8.1 Invocations


You had 16 spell levels left.
You didn't know any spells.

Dungeon Overview and Level Annotations

Branches:
Dungeon (15/15)            Temple (1/1) D:4            Lair (8/8) D:9
 Shoals (0/4) Lair:4       Spider (4/4) Lair:5        Slime (0/6) Lair:7
    Orc (4/4) D:9             Elf (0/3) Orc:4        Vaults (0/5) D:13
 Depths (0/5) D:15

Altars:
Ashenzari
Cheibriados
Dithmenos
Elyvilon
Fedhas
Gozag
Kikubaaqudgha
Makhleb
Nemelex Xobeh
Okawaru
Qazlal
Ru
Sif Muna
Trog
Vehumet
Xom
Yredelemnul
Zin
The Shining One
Beogh

Shops:
D:6 =   D:10 }   Orc:2 }}!   Orc:3 !*   Orc:4 :[*(

Annotations:
D:5 Dickchan's ghost, novice TrMo; Pikel
Lair:7 exclusion: oklob plant


Innate Abilities, Weirdness & Mutations

You reflexively headbutt those who attack you in melee.
You have a pair of horns on your head.


Message History

You feel sick.
The jumping spider leaps!
The wolf spider hits you but does no damage.
The wolf spider barely misses you. You block the trapdoor spider's attack.
You block the wolf spider's attack.
The wolf spider bites you but does no damage.
You climb downwards.
You feel sick.
A trapdoor spider comes into view.
The trapdoor spider hisses angrily.
A trapdoor spider leaps out from its hiding place under the floor!
The trapdoor spider bites you!
* * * LOW HITPOINT WARNING * * *
The trapdoor spider bites you!
* * * LOW HITPOINT WARNING * * *
Found a slice of pizza and 20 stones.
There is a stone staircase leading up, spattered with blood here.
You hit the trapdoor spider.
The trapdoor spider is poisoned.
Your headbutt misses the trapdoor spider.
The trapdoor spider is lightly wounded.
You feel sick. The trapdoor spider bites you.
You die...

*********#########*#####*******
,,*,,,,**........#......,,,,,,*
,,,,,,**,.....^.@s%...(.,,,,,,***
,,,,,,**,.......s.......*,*,,,,,*
,,,,,,*,,......^........,,,,,,,**
,*,,,,,,,..#...#........,,,,,*,**
,,,,,,,,,.......(........,,*,,,,*
,,,,,,,,,.....#....#..#....,,,,,,
,,,**,,,,....###...........,,,*,,
,,,*,,,,,.................#,,,,,,
,****,,,*,....(...........,,,,,,*


You could see a wolf spider and a trapdoor spider.

Vanquished Creatures
  Saint Roka (Orc:4)
  Arachne (Spider:2)
  Frances (D:13)
  Kirke (Lair:8)
  Maud (Lair:4)
  6 emperor scorpions
  A ghost moth (Spider:2)
  Snorg (Orc:1)
  A fire dragon (Lair:8)
  A minotaur (Lab)
  6 hydras
  An ogre mage (D:14)
  2 entropy weavers
  An ice dragon (Lair:8)
  Erica (D:9)
  3 centaur warriors
  A catoblepas (D:13)
  A queen ant (Lair:5)
  2 dancing weapons (D:13)
  18 death yaks
  The ghost of DarthKuruptios the Severer, a novice MiBe of Trog (D:9)
  An orc high priest (Orc:4)
  A giant orange brain (D:15)
  2 slime creatures (D:15)
  2 lindwurms (Lair:8)
  2 unseen horrors
  4 orc knights
  A wizard (D:14)
  16 ugly things
  3 hill giants
  3 orc sorcerers (Orc:4)
  12 orb spiders
  5 cyclopes
  24 wolf spiders
  3 hornets
  7 griffons
  A manticore (D:13)
  A black mamba (shapeshifter) (D:15)
  6 black mambas
  A moth of wrath (Spider:1)
  3 elephants (Lair:7)
  An eye of devastation (shapeshifter) (D:15)
  Joseph (D:9)
  9 torpor snails
  15 spiny frogs
  2 gargoyles
  14 demonic crawlers
  2 efreet (D:15)
  8 trolls
  A queen bee (shapeshifter) (D:15)
  7 komodo dragons
  4 fire drakes
  A jumping spider (shapeshifter) (D:15)
  17 jumping spiders
  2 giant leeches (Lair:8)
  A minotaur skeleton (Lab)
  4 two-headed ogres
  A hornet zombie (D:15)
  A trapdoor spider zombie (D:11)
  6 blink frogs (Lair:4)
  3 shadows
  20 tarantellas
  19 trapdoor spiders
  The ghost of Dickchan the Ruffian, an amateur TrMo (D:4)
  A yak (shapeshifter) (D:15)
  35 redbacks
  A tarantella (shapeshifter) (D:15)
  5 wraiths
  A deep elf mage (D:10)
  7 basilisks
  Eustachio (D:4)
  9 vampire mosquitoes
  2 deep elf fighters
  A hungry ghost (D:14)
  2 steam dragons
  4 hogs (Lair:8)
  12 hippogriffs
  31 yaks
  2 wyverns
  2 wargs
  12 wolves
  8 soldier ants (Lair:5)
  Edmund (D:4)
  A mottled dragon (Lair:8)
  18 water moccasins
  Duvessa (D:4)
  5 spiders
  Purgy (Sewer)
  A slave (D:5)
  3 swamp drakes (Lair:8)
  2 black bears (D:9)
  2 eyes of draining
  7 ice beasts
  25 orc warriors
  5 porcupines
  4 wasps
  3 sky beasts
  A phantom (D:11)
  29 centaurs
  14 ogres
  4 necrophages
  3 brain worms (Lair:8)
  2 big kobolds (D:10)
  19 crocodiles
  26 giant frogs
  Dowan (D:4)
  8 scorpions
  21 killer bees
  2 electric eels
  9 wights
  A quasit (D:10)
  A troll skeleton (Lab)
  A giant frog zombie (D:10)
  8 crimson imps
  5 jellies
  25 orc priests
  5 centaur zombies
  12 iguanas
  5 hounds
  7 centaur skeletons
  2 giant frog skeletons
  37 orc wizards
  31 worker ants
  15 sheep
  2 hound skeletons
  A hound zombie (D:10)
  Robin (D:2)
  3 gnolls (D:7)
  16 adders
  53 river rats
  A shadow imp (D:14)
  An ooze (Lair:7)
  An adder skeleton (D:5)
  2 adder zombies
  21 worms
  9 giant geckos
  165 orcs
  5 giant cockroaches
  11 hobgoblins
  10 jackals
  7 quokkas
  A ball python (D:6)
  4 bats
  A giant gecko zombie (D:6)
  6 giant newts
  15 goblins
  19 kobolds
  3 quokka skeletons
  13 rats
  A plant (Lair:8)
1171 creatures vanquished.

Vanquished Creatures (collateral kills)
  A komodo dragon (Lair:3)
1 creature vanquished.

Vanquished Creatures (others)
  An unseen horror (D:14)
  A harpy skeleton (D:15)
  An iguana (Lair:8)
  An orc (Orc:4)
  3 fungi
  2 plants (Lair:8)
9 creatures vanquished.

Grand Total: 1181 creatures vanquished

Notes
Turn   | Place    | Note
--------------------------------------------------------------
     0 | D:1      | Kloppie the Minotaur Fighter began the quest for the Orb.
     0 | D:1      | Reached XP level 1. HP: 19/19 MP: 0/0
    51 | D:1      | Reached skill level 4 in Fighting
    57 | D:1      | Reached XP level 2. HP: 27/27 MP: 1/1
   387 | D:1      | Reached XP level 3. HP: 34/34 MP: 2/2
   640 | D:2      | Noticed Robin
   919 | D:2      | Killed Robin
   919 | D:2      | Reached skill level 5 in Fighting
  1784 | D:3      | Found a white marble altar of Elyvilon.
  1795 | D:3      | Reached XP level 4. HP: 42/42 MP: 3/3
  1987 | D:3      | Found a glowing drain.
  2004 | Sewer    | Entered a sewer
  2038 | Sewer    | Noticed Purgy
  2046 | Sewer    | Killed Purgy
  2046 | Sewer    | Reached skill level 6 in Fighting
  2046 | Sewer    | Reached XP level 5. HP: 34/51 MP: 2/4
  2666 | D:4      | Reached skill level 7 in Fighting
  2669 | D:4      | Noticed an ogre
  2675 | D:4      | Killed an ogre
  2675 | D:4      | Reached XP level 6. HP: 34/60 MP: 2/5
  2957 | D:4      | Noticed Dowan
  2959 | D:4      | Noticed Duvessa
  2976 | D:4      | Killed Duvessa
  2976 | D:4      | Reached skill level 5 in Long Blades
  2984 | D:4      | Killed Dowan
  2984 | D:4      | Reached skill level 8 in Fighting
  3061 | D:4      | Noticed Eustachio
  3072 | D:4      | Killed Eustachio
  3072 | D:4      | Reached XP level 7. HP: 55/69 MP: 6/6
  3119 | D:4      | Found a staircase to the Ecumenical Temple.
  3137 | D:4      | Noticed Edmund
  3154 | D:4      | Killed Edmund
  3154 | D:4      | Reached skill level 9 in Fighting
  3172 | Temple   | Entered the Ecumenical Temple
  3202 | Temple   | Became a worshipper of Warmaster Okawaru
  3211 | D:4      | Noticed Dickchan's ghost (amateur TrMo)
  3258 | D:4      | Killed Dickchan's ghost
  3385 | D:4      | Found a shadowy altar of Dithmenos.
  3484 | D:4      | Reached XP level 8. HP: 75/79 MP: 7/7
  3815 | D:5      | Entered Level 5 of the Dungeon
  3825 | D:5      | Reached skill level 10 in Fighting
  3872 | D:5      | Noticed Dickchan's ghost (novice TrMo)
  4311 | D:5      | Noticed Pikel
  4968 | D:6      | Reached * piety under Okawaru
  5029 | D:6      | Found Esip's Jewellery Shoppe.
  5036 | D:6      | Bought an uncursed ring of poison resistance for 240 gold pieces
  5483 | D:7      | Reached skill level 1 in Invocations
  5669 | D:7      | Reached XP level 9. HP: 85/85 MP: 9/9
  5750 | D:7      | Reached ** piety under Okawaru
  6011 | D:7      | Reached skill level 10 in Long Blades
  6163 | D:8      | Reached skill level 11 in Long Blades
  6227 | D:8      | Noticed a hill giant
  6234 | D:8      | Killed a hill giant
  6234 | D:8      | Reached skill level 12 in Long Blades
  6560 | D:8      | Reached *** piety under Okawaru
  6560 | D:8      | Reached skill level 13 in Long Blades
  6641 | D:8      | Identified a scroll of acquirement
  6904 | D:8      | Reached XP level 10. HP: 73/93 MP: 10/10
  7196 | D:9      | Found a staircase to the Orcish Mines.
  7484 | D:9      | Got a dazzling demon blade
  7485 | D:9      | Identified the +9 demon blade "Backscratcher" {venom, +Blink Str+4 Dex-2 Stlth+} (You acquired it on level 9 of the Dungeon)
  7522 | D:9      | Reached skill level 14 in Long Blades
  7559 | D:10     | Entered Level 10 of the Dungeon
  7569 | D:10     | Reached skill level 5 in Armour
  7583 | D:10     | Reached **** piety under Okawaru
  7952 | D:9      | Found a staircase to the Lair.
  7956 | D:9      | Noticed DarthKuruptios's ghost (novice MiBe)
  7971 | D:9      | Killed DarthKuruptios's ghost
  7981 | D:9      | Noticed Erica
  7986 | D:9      | Killed Erica
  7995 | D:9      | Reached skill level 10 in Armour
  8215 | D:9      | Reached ***** piety under Okawaru
  8243 | D:9      | Reached XP level 11. HP: 45/100 MP: 4/11
  8437 | D:9      | Noticed a hill giant
  8443 | D:9      | Killed a hill giant
  8506 | D:9      | Noticed Joseph
  8517 | D:9      | Killed Joseph
  8713 | D:9      | Found a basalt altar of Yredelemnul.
  8713 | D:9      | Found a shattered altar of Ashenzari.
  8801 | Lair:1   | Entered Level 1 of the Lair of Beasts
  9337 | Lair:1   | Reached skill level 5 in Shields
 10323 | Lair:3   | Found a labyrinth entrance.
 10337 | Lab      | Entered a labyrinth
 10754 | Lab      | Noticed a minotaur
 10760 | Lab      | Killed a minotaur
 10781 | Lab      | Got a crude mottled dragon armour
 10792 | Lab      | Identified the +3 mottled dragon armour of Divine Compulsion {Int+3 Dex+3} (You found it in a labyrinth)
 10837 | Lab      | Identified a +2 rod of destruction (14/14) (You found it in a labyrinth)
 10838 | Lab      | Identified a +1 rod of clouds (14/14) (You found it in a labyrinth)
 10839 | Lab      | Identified a +7 rod of ignition (14/14) (You found it in a labyrinth)
 10981 | Lair:3   | Reached ****** piety under Okawaru
 10981 | Lair:3   | Received a gift from Okawaru
 11239 | Lair:3   | Reached skill level 10 in Shields
 11680 | Lair:3   | Noticed a five-headed hydra
 11689 | Lair:3   | Killed a one-headed hydra
 11960 | Lair:4   | Reached XP level 12. HP: 85/106 MP: 12/12
 12511 | Lair:4   | Found a staircase to the Shoals.
 12537 | Lair:4   | Noticed Maud
 12549 | Lair:4   | Killed Maud
 12981 | Lair:5   | Received a gift from Okawaru
 13055 | Lair:5   | Reached skill level 15 in Shields
 13153 | Lair:5   | Found a hole to the Spider Nest.
 13259 | Lair:5   | Noticed a four-headed hydra
 13267 | Lair:5   | Killed a one-headed hydra
 13649 | Lair:5   | Reached XP level 13. HP: 111/113 MP: 11/13
 13680 | Lair:5   | Reached skill level 16 in Shields
 14558 | Lair:6   | Received a gift from Okawaru
 15203 | Lair:7   | Found a staircase to the Slime Pits.
 15852 | Lair:7   | Reached skill level 15 in Fighting
 15872 | Lair:7   | Received a gift from Okawaru
 15875 | Lair:7   | Got a brightly glowing cloak {god gift}
 15886 | Lair:7   | Identified the +2 cloak of the Townfolk {rElec Str+6 Int-3} (Okawaru gifted it to you on level 7 of the Lair of Beasts)
 16347 | Orc:1    | Entered Level 1 of the Orcish Mines
 16545 | Orc:1    | Found a roughly hewn altar of Beogh.
 16552 | Orc:1    | Noticed Snorg
 16559 | Orc:1    | Killed Snorg
 16559 | Orc:1    | Reached XP level 14. HP: 135/135 MP: 13/15
 16927 | Orc:3    | Found Plog's General Store.
 16945 | Orc:3    | Found Nedamum's Distillery.
 17056 | Orc:3    | Found a roughly hewn altar of Beogh.
 17491 | Orc:2    | Found Fap Aby's Gadget Boutique.
 17599 | Orc:2    | Found Puxed's Distillery.
 17729 | Orc:2    | Found Vuqolong's Gadget Shoppe.
 17897 | Orc:4    | Entered Level 4 of the Orcish Mines
 18363 | Orc:3    | Reached skill level 5 in Invocations
 18491 | Orc:4    | Noticed Saint Roka
 19003 | Orc:4    | Killed Saint Roka
 19086 | Orc:4    | Found a roughly hewn altar of Beogh.
 19130 | Orc:4    | Found Ugrouj's Book Emporium.
 19177 | Orc:4    | Found Jaizoimp's Antique Armour Emporium.
 19192 | Orc:4    | Found Wiraacif's Antique Weapon Emporium.
 19208 | Orc:4    | Found Caatygi's General Store.
 19232 | Orc:4    | Bought a jewelled cloak for 218 gold pieces
 19242 | Orc:4    | Identified the +1 cloak of Disappointment {rN+ MR+ Int+2} (You bought it in a shop on level 4 of the Orcish Mines)
 19370 | Orc:4    | Found a staircase to the Elven Halls.
 19373 | Orc:4    | Received a gift from Okawaru
 19871 | Lair:8   | Entered Level 8 of the Lair of Beasts
 20647 | Lair:8   | Noticed Kirke
 20672 | Lair:8   | Killed Kirke
 21017 | Lair:8   | Found a runed door.
 21169 | Lair:8   | Received a gift from Okawaru
 21837 | D:10     | Reached skill level 15 in Armour
 21855 | D:10     | Reached XP level 15. HP: 141/141 MP: 20/20
 21944 | D:10     | Noticed a centaur warrior
 21956 | D:10     | Killed a centaur warrior
 22104 | D:10     | Found Ririsepp's Gadget Emporium.
 23845 | D:6      | Bought an uncursed ring of protection from fire for 300 gold pieces
 23845 | D:6      | Bought an uncursed amulet of regeneration for 360 gold pieces
 24151 | D:13     | Found a gate to the Vaults.
 24355 | D:13     | Noticed Frances
 24390 | D:13     | Killed Frances
 24390 | D:13     | Reached skill level 17 in Armour
 25081 | D:14     | Received a gift from Okawaru
 25326 | D:14     | Reached skill level 18 in Armour
 25661 | D:15     | Entered Level 15 of the Dungeon
 25774 | D:15     | Found a staircase to the Depths.
 26123 | D:15     | Reached skill level 19 in Armour
 26355 | D:15     | Found a burning altar of Makhleb.
 26475 | D:15     | Reached XP level 16. HP: 149/149 MP: 21/21
 26922 | Spider:1 | Entered Level 1 of the Spider Nest
 26988 | Spider:1 | Received a gift from Okawaru
 27029 | Spider:1 | Got a fine ring mail
 27030 | Spider:1 | Identified the +1 ring mail of the Journeyman {+Blink +Fly rN+} (You found it on level 1 of the Spider Nest)
 27465 | Spider:1 | Reached skill level 20 in Armour
 27682 | Spider:2 | Got a distressingly furry chain mail
 27683 | Spider:2 | Identified the +2 chain mail of Tufyiw {*Drain Str+5} (You found it on level 2 of the Spider Nest)
 27695 | Spider:2 | Noticed Arachne
 27726 | Spider:2 | Killed Arachne
 28197 | Spider:2 | You fall through a shaft!
 28405 | Spider:2 | Received a gift from Okawaru
 28432 | Spider:2 | Got a brightly glowing scale mail
 28433 | Spider:2 | Identified the cursed +0 scale mail of Faguly {Int+2} (You found it on level 2 of the Spider Nest)
 28683 | Spider:2 | Received a gift from Okawaru
 28685 | Spider:2 | Got a crystal falchion {god gift}
 28697 | Spider:2 | Identified the +0 falchion of Nightmares {freeze, rElec Int+2 Stlth-} (Okawaru gifted it to you on level 2 of the Spider Nest)
 29240 | Spider:3 | Received a gift from Okawaru
 29402 | Spider:4 | Entered Level 4 of the Spider Nest
 29993 | Spider:4 | Reached XP level 17. HP: 150/166 MP: 22/22
 30005 | Spider:4 | Received a gift from Okawaru
 30015 | Spider:4 | Got a heavily runed cloak {god gift}
 30016 | Spider:4 | Identified the +0 cloak of Diskoih {Int+4} (Okawaru gifted it to you on level 4 of the Spider Nest)
 30264 | Spider:4 | HP: 6/168 [trapdoor spider (10)]
 30265 | Spider:4 | Slain by a trapdoor spider

Action                   |  1- 3 |  4- 6 |  7- 9 | 10-12 | 13-15 | 16-18 || total
-------------------------+-------+-------+-------+-------+-------+-------++-------
Melee: Long sword        |   134 |   162 |   353 |       |       |       ||   649
       Scimitar          |       |       |    15 |    12 |    21 |     5 ||    53
       Great sword       |       |       |     8 |    33 |       |       ||    41
       Demon blade       |       |       |       |   524 |  1594 |   600 ||  2718
Invok: Heroism           |       |       |     2 |     6 |     9 |     1 ||    18
       Finesse           |       |       |       |       |       |     1 ||     1
 Abil: Stop Flying       |       |       |       |     1 |       |       ||     1
Evoke: Wand              |       |       |       |       |     1 |       ||     1
  Use: Potion            |       |     2 |     3 |       |     4 |     5 ||    14
       Scroll            |       |     9 |     8 |    15 |     7 |    10 ||    49
 Stab: Confused          |       |       |       |       |     1 |       ||     1
  Eat: Chunk             |     3 |     4 |    12 |    14 |    34 |    14 ||    81
       Beef jerky        |       |       |     1 |     1 |     2 |       ||     4
       Fruit             |       |       |       |     4 |       |       ||     4
       Pizza             |       |       |       |     2 |     2 |       ||     4
       Bread ration      |       |       |       |       |     1 |     1 ||     2
